Washington Capitals vs Winnipeg Jets
Created - Friday, February 20, 2026 at 07:15
Goals
|
| Washington Capitals |
2 |
2 |
0 |
4 |
| Winnipeg Jets |
1 |
2 |
0 |
3 |
|
Shots
|
| Washington Capitals |
11 |
9 |
18 |
38 |
| Winnipeg Jets |
6 |
10 |
15 |
31 |
|
1st period
1. Washington Capitals , Tom Wilson 10 (Alex Ovechkin 16, Nikita Zadorov 1) at 2:54
2. Winnipeg Jets , Ridly Greig 12 (Nate Schmidt 4) at 9:53
3. Washington Capitals , Drake Batherson 10 (Lars Eller 1) at 13:14
Penalties :
Michael Kesselring (WPG) for Fighting (Major) at 5:43, Ian Cole (WSH) for Fighting (Major) at 5:43, Michael Kesselring (WPG) for instigated a fight (Minor) at 5:43, Michael Kesselring (WPG) for instigated a fight (10 Minutes Misconduct) at 5:43, Frederick Gaudreau (WSH) for Interference (Minor) at 10:47
2nd period
4. Washington Capitals , Tom Wilson 11 (John Carlson 13, Shane Pinto 11) at 0:12
5. Washington Capitals , Stefan Noesen 6 (Marco Rossi 18, Nick Jensen 5) at 4:40
6. Winnipeg Jets , Jason Zucker 7 (Haydn Fleury 7) at 5:10 (PP)
7. Winnipeg Jets , Connor Bedard 14 (Jason Zucker 9) at 15:06
Penalties :
Tyler Myers (WSH) for Interference (Minor) at 1:54, Tom Wilson (WSH) for Tripping (Minor) at 4:47, Nick Foligno (WSH) for Tripping (Minor) at 10:55, Tom Wilson (WSH) for Interference (Minor) at 16:47
3rd period
No Goal
Penalties :
Stefan Noesen (WSH) for Hooking (Minor) at 14:02
Goalie Stats
Jake Oettinger (WSH), 28 saves from 31 shots - (0.903), W, 10-10-3, 60:00 minutes
Dustin Wolf (WPG), 34 saves from 38 shots - (0.895), L, 10-4-6, 58:49 minutes
Players Stats for Washington Capitals
Player Name G A P +/- PIM S H SB GA TA FO MP PP MP PK MP
------------------------------------------------------------------------------------
Alex Ovechkin 0 1 1 2 0 3 0 0 1 0 0/1 14:39 0:57 0:00
Drake Batherson 1 0 1 0 0 2 2 0 0 0 1/1 6:28 1:02 0:26
Frederick Gaudreau 0 0 0 -1 2 3 2 0 2 0 1/2 17:34 0:00 3:16
Ian Cole 0 0 0 0 5 1 1 0 0 0 0/0 20:59 0:00 5:12
Jamie Oleksiak 0 0 0 0 0 1 1 0 1 1 0/0 23:18 0:00 5:06
Jason Robertson 0 0 0 0 0 3 1 0 0 0 0/0 15:12 1:05 0:00
John Carlson 0 1 1 0 0 1 1 1 1 1 0/0 23:24 1:05 5:06
Lars Eller 0 1 1 1 0 0 2 0 0 0 1/3 7:30 0:00 1:44
Marco Rossi 0 1 1 0 0 5 1 1 1 0 10/15 14:16 0:54 0:00
Nick Foligno 0 0 0 0 2 0 1 1 0 0 1/2 19:02 1:02 3:43
Nick Jensen 0 1 1 3 0 1 0 0 0 1 0/0 13:50 0:00 0:31
Nikita Zadorov 0 1 1 2 0 0 0 0 0 2 0/0 15:01 0:00 0:33
Sean Kuraly 0 0 0 0 0 1 1 0 0 0 0/1 9:53 0:00 2:51
Shane Pinto 0 1 1 2 0 3 0 0 0 0 12/22 20:36 0:57 5:11
Stefan Noesen 1 0 1 0 2 4 1 0 0 1 0/1 13:24 0:00 0:00
Tom Wilson 2 0 2 2 4 7 2 0 2 1 0/1 17:55 0:57 3:25
Tomas Hertl 0 0 0 0 0 2 1 0 0 0 8/14 15:15 1:02 0:00
Tyler Myers 0 0 0 -1 2 1 2 0 0 0 0/0 21:19 0:54 4:08
Players Stats for Winnipeg Jets
Player Name G A P +/- PIM S H SB GA TA FO MP PP MP PK MP
------------------------------------------------------------------------------------
Adam Lowry 0 0 0 -2 0 3 0 1 0 1 17/30 19:45 5:09 0:50
Alexander Kerfoot 0 0 0 -2 0 2 1 0 1 0 0/0 19:00 5:09 0:00
Alexis Lafreniere 0 0 0 0 0 1 1 1 0 0 0/0 12:03 0:00 0:00
Connor Bedard 1 0 1 2 0 2 1 0 0 0 1/1 20:34 5:09 1:09
Dylan Samberg 0 0 0 -2 0 2 2 1 0 0 0/0 28:16 4:50 0:46
Haydn Fleury 0 1 1 1 0 0 2 1 0 1 0/0 21:40 5:28 1:13
Jason Zucker 1 1 2 2 0 3 0 0 3 0 4/12 18:28 5:09 0:00
Joel Armia 0 0 0 0 0 1 0 1 0 0 0/0 12:00 0:00 0:00
Jonas Brodin 0 0 0 -1 0 1 2 2 0 4 0/0 27:25 4:50 0:46
Matvei Michkov 0 0 0 -2 0 3 2 1 0 0 0/0 8:40 0:00 0:00
Michael Kesselring 0 0 0 -1 17 0 0 1 1 0 0/0 7:21 0:00 0:00
Nate Schmidt 0 1 1 1 0 2 1 1 0 0 0/0 23:18 5:28 1:13
Nino Niederreiter 0 0 0 -2 0 4 0 0 0 0 0/0 8:03 0:00 0:00
Ridly Greig 1 0 1 2 0 2 1 0 1 0 1/2 20:16 5:09 0:50
Sam Steel 0 0 0 -2 0 2 2 2 0 0 2/7 9:25 0:00 0:00
Sean Durzi 0 0 0 -2 0 0 0 0 0 2 0/0 11:14 0:00 0:00
Taylor Hall 0 0 0 -2 0 2 0 1 0 0 0/1 19:37 5:09 1:09
Vladislav Namestnikov 0 0 0 0 0 1 1 0 1 0 4/10 10:55 0:00 0:00
3 Stars
1 - Tom Wilson (WSH)
2 - Jason Zucker (WPG)
3 - Ridly Greig (WPG)
Power Play
Washington Capitals - 0 on 1 Attempt(s) - 0.00%
Winnipeg Jets - 1 on 6 Attempt(s) - 16.67%
Penalty Kill
Washington Capitals - 5 on 6 Attempt(s) - 83.33%
- Score 0 goal in Penalty Kill
Winnipeg Jets - 1 on 1 Attempt(s) - 100.00%
- Score 0 goal in Penalty Kill
Team Stat
Washington Capitals - Hits : 19 - Faceoff Wins : 34 - Blocked Shots : 3 - Penalty Minutes : 17
Winnipeg Jets - Hits : 16 - Faceoff Wins : 29 - Blocked Shots : 13 - Penalty Minutes : 17
Official
Referees : Ghislain Hebert and Peter Macdougall
Linesman : Mark Shewchyk and Matt MacPherson
Game Notes
Michael Kesselring beats up Ian Cole at 5:43 of 1st period
Finance
Level 1 -- Attendance: 5358 (89.30%) -- Ticket Income $492,936
Level 2 -- Attendance: 5000 (100.00%) -- Ticket Income $275,000
Level 3 -- Attendance: 3000 (100.00%) -- Ticket Income $90,000
Level 4 -- Attendance: 4465 (89.30%) -- Ticket Income $98,230
Luxury Box -- Attendance: 916 (91.60%) -- Ticket Income $174,040
Game was played at the MTS Centre.
Total Attendance: 18739 (93.70%)
Total Ticket Income: $1,130,206
Other Income: $395,572
Total Income: $1,525,778
Washington Capitals
5 vs 5 Forward
Center Left Wing Right Wing Time % Phy DF OF
1 Tomas Hertl Jason Robertson Nick Foligno 30 0 3 2
2 Shane Pinto Alex Ovechkin Tom Wilson 29 0 2 3
3 Marco Rossi Frederick Gaudreau Stefan Noesen 28 0 2 3
4 Lars Eller Sean Kuraly Drake Batherson 13 1 2 2
5 vs 5 Defense
Defense Defense Time % Phy DF OF
1 John Carlson Jamie Oleksiak 37 0 3 2
2 Tyler Myers Ian Cole 34 0 3 2
3 Nikita Zadorov Nick Jensen 29 1 3 1
4 Nikita Zadorov Nick Jensen 0 1 2 2
PowerPlay Forward
Center Left Wing Right Wing Time % Phy DF OF
1 Tomas Hertl Drake Batherson Nick Foligno 50 0 1 4
2 Shane Pinto Alex Ovechkin Tom Wilson 50 0 1 4
PowerPlay Defense
Defense Defense Time % Phy DF OF
1 John Carlson Jason Robertson 50 0 2 3
2 Tyler Myers Marco Rossi 50 0 2 3
Penalty Kill 4 Players Forward
Center Wing Time % Phy DF OF
1 Frederick Gaudreau Nick Foligno 50 0 4 1
2 Shane Pinto Tom Wilson 50 0 4 1
Penalty Kill 4 Players Defense
Defense Defense Time % Phy DF OF
1 John Carlson Jamie Oleksiak 50 1 4 0
2 Tyler Myers Ian Cole 50 1 4 0
Penalty Kill - 3 Players Forward
Forward Time % Phy DF OF
1 Frederick Gaudreau 50 0 5 0
2 Shane Pinto 50 1 2 2
Penalty Kill - 3 Players Defense
Defense Defense Time % Phy DF OF
1 John Carlson Nikita Zadorov 50 1 4 0
2 Tyler Myers Ian Cole 50 1 4 0
4 vs 4 Forward
Center Wing Time % Phy DF OF
1 Tomas Hertl Jason Robertson 50 1 1 3
2 Shane Pinto Alex Ovechkin 50 1 1 3
4 vs 4 Defense
Defense Defense Time % Phy DF OF
1 John Carlson Jamie Oleksiak 50 1 2 2
2 Tyler Myers Nick Jensen 50 1 2 2
Last Minutes Offensive
Center Left Wing Right Wing Defense Defense
Tomas Hertl Alex Ovechkin Tom Wilson John Carlson Jason Robertson
Last Minutes Defensive
Center Left Wing Right Wing Defense Defense
Shane Pinto Frederick Gaudreau Nick Foligno Ian Cole Jamie Oleksiak
Goaltenders
Starting : Jake Oettinger
Backup : Casey DeSmith
Extra Forwards
Normal : Sean Kuraly, Lars Eller, Stefan Noesen - PP : Stefan Noesen, Frederick Gaudreau - PK : Sean Kuraly
Extra Defensemen
Normal : Nikita Zadorov, Nick Jensen, Ian Cole - PP : Nick Jensen - PK : Nick Jensen, Nikita Zadorov
Penalty Shots
Jason Robertson, Frederick Gaudreau, Lars Eller, Alex Ovechkin, Drake Batherson
Scratches
Noah Warren (Healthy), Fabian Zetterlund (Healthy)
Winnipeg Jets
5 vs 5 Forward
Center Left Wing Right Wing Time % Phy DF OF
1 Jason Zucker Connor Bedard Ridly Greig 30 1 2 2
2 Adam Lowry Taylor Hall Alexander Kerfoot 30 1 2 2
3 Vladislav Namestnikov Alexis Lafreniere Joel Armia 25 1 2 2
4 Sam Steel Matvei Michkov Nino Niederreiter 15 1 2 2
5 vs 5 Defense
Defense Defense Time % Phy DF OF
1 Dylan Samberg Jonas Brodin 30 1 2 2
2 Nate Schmidt Haydn Fleury 30 1 2 2
3 Sean Durzi Michael Kesselring 25 1 2 2
4 Dylan Samberg Jonas Brodin 15 1 2 2
PowerPlay Forward
Center Left Wing Right Wing Time % Phy DF OF
1 Jason Zucker Connor Bedard Ridly Greig 50 1 2 2
2 Adam Lowry Taylor Hall Alexander Kerfoot 50 1 2 2
PowerPlay Defense
Defense Defense Time % Phy DF OF
1 Dylan Samberg Jonas Brodin 50 1 2 2
2 Nate Schmidt Haydn Fleury 50 1 2 2
Penalty Kill 4 Players Forward
Center Wing Time % Phy DF OF
1 Taylor Hall Connor Bedard 50 1 2 2
2 Adam Lowry Ridly Greig 50 1 2 2
Penalty Kill 4 Players Defense
Defense Defense Time % Phy DF OF
1 Dylan Samberg Jonas Brodin 50 1 2 2
2 Nate Schmidt Haydn Fleury 50 1 2 2
Penalty Kill - 3 Players Forward
Forward Time % Phy DF OF
1 Ridly Greig 50 1 2 2
2 Connor Bedard 50 1 2 2
Penalty Kill - 3 Players Defense
Defense Defense Time % Phy DF OF
1 Dylan Samberg Jonas Brodin 50 1 2 2
2 Nate Schmidt Haydn Fleury 50 1 2 2
4 vs 4 Forward
Center Wing Time % Phy DF OF
1 Matvei Michkov Connor Bedard 50 1 2 2
2 Adam Lowry Ridly Greig 50 1 2 2
4 vs 4 Defense
Defense Defense Time % Phy DF OF
1 Dylan Samberg Jonas Brodin 50 1 2 2
2 Nate Schmidt Haydn Fleury 50 1 2 2
Last Minutes Offensive
Center Left Wing Right Wing Defense Defense
Jason Zucker Connor Bedard Ridly Greig Dylan Samberg Jonas Brodin
Last Minutes Defensive
Center Left Wing Right Wing Defense Defense
Jason Zucker Connor Bedard Ridly Greig Dylan Samberg Jonas Brodin
Goaltenders
Starting : Dustin Wolf
Backup : Yaroslav Askarov
Extra Forwards
Normal : Matvei Michkov, Alexis Lafreniere, Joel Armia - PP : Matvei Michkov, Alexis Lafreniere - PK : Joel Armia
Extra Defensemen
Normal : Dylan Samberg, Michael Kesselring, Nate Schmidt - PP : Jonas Brodin - PK : Michael Kesselring, Nate Schmidt
Penalty Shots
Joel Armia, Connor Bedard, Adam Lowry, Ridly Greig, Taylor Hall
Scratches
Erik Brannstrom (Healthy), Mikael Backlund (Healthy), Barclay Goodrow (Healthy), Derek Forbort (Healthy)
% Time on Ice - Washington Capitals
Lines # - Real PCT - Wanted PCT - Time Play
Normal Forward
1 - 31% - 30% - 14:28
2 - 30% - 29% - 14:03
3 - 29% - 28% - 13:19
4 - 10% - 13% - 4:50
Normal Defense
1 - 37% - 37% - 17:13
2 - 35% - 34% - 16:12
3 - 28% - 29% - 13:15
4 - 0% - 0% - 0:00
PP Forward
1 - 52% - 50% - 1:02
2 - 48% - 50% - 0:57
PP Defense
1 - 55% - 50% - 1:05
2 - 45% - 50% - 0:54
PK Forward
1 - 48% - 50% - 4:56
2 - 52% - 50% - 5:22
PK Defense
1 - 50% - 50% - 5:06
2 - 50% - 50% - 5:12
PK3 Forward
1 - 0% - 50%
2 - 0% - 50%
PK3 Defense
1 - 0% - 50%
2 - 0% - 50%
44 Forward
1 - 0% - 50%
2 - 0% - 50%
44 Defense
1 - 0% - 50%
2 - 0% - 50%
Last Minute Offensive - 0:00
Last Minute Defensive - 1:03
Total
Forward - 60:00
Defense - 60:00
|
% Time on Ice - Winnipeg Jets
Lines # - Real PCT - Wanted PCT - Time Play
Normal Forward
1 - 27% - 30% - 12:45
2 - 32% - 30% - 14:45
3 - 23% - 25% - 10:55
4 - 17% - 15% - 8:03
Normal Defense
1 - 31% - 30% - 14:23
2 - 31% - 30% - 14:21
3 - 26% - 25% - 12:05
4 - 12% - 15% - 5:39
PP Forward
1 - 50% - 50% - 5:09
2 - 50% - 50% - 5:09
PP Defense
1 - 47% - 50% - 4:50
2 - 53% - 50% - 5:28
PK Forward
1 - 58% - 50% - 1:09
2 - 42% - 50% - 0:50
PK Defense
1 - 39% - 50% - 0:46
2 - 61% - 50% - 1:13
PK3 Forward
1 - 0% - 50%
2 - 0% - 50%
PK3 Defense
1 - 0% - 50%
2 - 0% - 50%
44 Forward
1 - 0% - 50%
2 - 0% - 50%
44 Defense
1 - 0% - 50%
2 - 0% - 50%
Last Minute Offensive - 1:15
Last Minute Defensive - 0:00
Total
Forward - 60:00
Defense - 60:00
|
Play-by-Play
1st period
0:01 of 1st period - Tomas Hertl wins face-off versus Jason Zucker in neutral zone.
0:57 of 1st period - Wrist shot by Nino Niederreiter.
0:57 of 1st period - Stopped by Jake Oettinger without a rebound.
0:58 of 1st period - Vladislav Namestnikov wins face-off versus Lars Eller in Washington Capitals zone.
2:52 of 1st period - Snap shot by Alex Ovechkin.
2:52 of 1st period - Shot Misses the Net.
2:54 of 1st period - Slapshot by Tom Wilson.
2:54 of 1st period - Goal by Tom Wilson - Washington Capitals : 1 - Winnipeg Jets : 0.
2:55 of 1st period - Marco Rossi wins face-off versus Jason Zucker in neutral zone.
3:54 of 1st period - Wrist shot by Jason Robertson.
3:54 of 1st period - Shot Blocked by Dylan Samberg.
4:17 of 1st period - Icing by Dylan Samberg.
4:18 of 1st period - Adam Lowry wins face-off versus Marco Rossi in Winnipeg Jets zone.
4:48 of 1st period - Icing by Dylan Samberg.
4:49 of 1st period - Adam Lowry wins face-off versus Tom Wilson in Winnipeg Jets zone.
5:32 of 1st period - Snap shot by Taylor Hall.
5:32 of 1st period - Stopped by Jake Oettinger with a rebound.
5:36 of 1st period - Snap shot by Alexander Kerfoot.
5:36 of 1st period - Stopped by Jake Oettinger with a rebound.
5:38 of 1st period - Wrist shot by Alexander Kerfoot.
5:38 of 1st period - Stopped by Jake Oettinger without a rebound.
5:39 of 1st period - Tomas Hertl wins face-off versus Vladislav Namestnikov in Washington Capitals zone.
5:43 of 1st period - Michael Kesselring beats up Ian Cole.
5:43 of 1st period - Penalty to Michael Kesselring for Fighting.
5:43 of 1st period - Penalty to Ian Cole for Fighting.
5:43 of 1st period - Penalty to Michael Kesselring for instigated a fight.
5:43 of 1st period - Penalty to Michael Kesselring for instigated a fight.
5:44 of 1st period - Adam Lowry wins face-off versus Tomas Hertl in Winnipeg Jets zone.
5:59 of 1st period - Snap shot by Tomas Hertl.
5:59 of 1st period - Shot Misses the Net.
6:13 of 1st period - Wrist shot by Tom Wilson.
6:13 of 1st period - Stopped by Dustin Wolf without a rebound.
6:14 of 1st period - Shane Pinto wins face-off versus Adam Lowry in Winnipeg Jets zone.
6:17 of 1st period - Slapshot by Shane Pinto.
6:17 of 1st period - Stopped by Dustin Wolf without a rebound.
6:18 of 1st period - Shane Pinto wins face-off versus Taylor Hall in Winnipeg Jets zone.
6:51 of 1st period - Slapshot by Marco Rossi.
6:51 of 1st period - Stopped by Dustin Wolf without a rebound.
6:52 of 1st period - Ridly Greig wins face-off versus Tomas Hertl in Winnipeg Jets zone.
7:19 of 1st period - Taylor Hall is hit by Jason Robertson and loses puck.
7:43 of 1st period - Penalty to Michael Kesselring is over, Joel Armia is send on ice.
7:59 of 1st period - Slapshot by Stefan Noesen.
7:59 of 1st period - Stopped by Dustin Wolf without a rebound.
8:00 of 1st period - Marco Rossi wins face-off versus Vladislav Namestnikov in Winnipeg Jets zone.
8:17 of 1st period - Alexis Lafreniere is hit by Marco Rossi and loses puck.
8:38 of 1st period - Wrist shot by Frederick Gaudreau.
8:38 of 1st period - Deflect By Marco Rossi.
8:38 of 1st period - Shot Misses the Net.
8:38 of 1st period - Puck is out of play.
8:39 of 1st period - Tomas Hertl wins face-off versus Sam Steel in Winnipeg Jets zone.
8:40 of 1st period - Snap shot by Jason Robertson.
8:40 of 1st period - Stopped by Dustin Wolf with a rebound.
8:48 of 1st period - Snap shot by Tomas Hertl.
8:48 of 1st period - Shot Blocked by Matvei Michkov.
8:50 of 1st period - Slapshot by Tyler Myers.
8:50 of 1st period - Shot Misses the Net.
8:52 of 1st period - Slapshot by John Carlson.
8:52 of 1st period - Shot Blocked by Sam Steel.
8:54 of 1st period - Snap shot by Jamie Oleksiak.
8:54 of 1st period - Deflect By Tomas Hertl.
8:54 of 1st period - Shot Misses the Net.
8:54 of 1st period - Puck is out of play.
8:55 of 1st period - Vladislav Namestnikov wins face-off versus Shane Pinto in Winnipeg Jets zone.
9:51 of 1st period - Slapshot by Ridly Greig.
9:51 of 1st period - Shot Misses the Net.
9:53 of 1st period - Snap shot by Ridly Greig.
9:53 of 1st period - Goal by Ridly Greig - Washington Capitals : 1 - Winnipeg Jets : 1.
9:54 of 1st period - Vladislav Namestnikov wins face-off versus Tomas Hertl in neutral zone.
10:30 of 1st period - Wrist shot by Alex Ovechkin.
10:30 of 1st period - Stopped by Dustin Wolf with a rebound.
10:47 of 1st period - Minor Penalty to Frederick Gaudreau for Interference.
10:48 of 1st period - Jason Zucker wins face-off versus Sean Kuraly in Washington Capitals zone.
11:24 of 1st period - Tyler Myers is hit by Jonas Brodin and loses puck.
12:47 of 1st period - Penalty to Frederick Gaudreau is over, Frederick Gaudreau is back on ice.
13:06 of 1st period - Snap shot by Marco Rossi.
13:06 of 1st period - Stopped by Dustin Wolf without a rebound.
13:07 of 1st period - Drake Batherson wins face-off versus Sam Steel in Winnipeg Jets zone.
13:12 of 1st period - Slapshot by Drake Batherson.
13:12 of 1st period - Shot Blocked by Sam Steel.
13:14 of 1st period - Snap shot by Drake Batherson.
13:14 of 1st period - Goal by Drake Batherson - Washington Capitals : 2 - Winnipeg Jets : 1.
13:15 of 1st period - Nick Foligno wins face-off versus Jason Zucker in neutral zone.
13:23 of 1st period - Off-side.
13:24 of 1st period - Tomas Hertl wins face-off versus Ridly Greig in neutral zone.
14:01 of 1st period - Wrist shot by Connor Bedard.
14:01 of 1st period - Shot Hit the Post.
14:36 of 1st period - Wrist shot by Connor Bedard.
14:36 of 1st period - Shot Misses the Net.
15:44 of 1st period - Slapshot by Jason Zucker.
15:44 of 1st period - Shot Misses the Net.
15:46 of 1st period - Snap shot by Ridly Greig.
15:46 of 1st period - Shot Blocked by Nick Foligno.
15:54 of 1st period - Snap shot by Connor Bedard.
15:54 of 1st period - Deflect By Ridly Greig.
15:54 of 1st period - Shot Misses the Net.
15:54 of 1st period - Puck is out of play.
15:55 of 1st period - Shane Pinto wins face-off versus Vladislav Namestnikov in Washington Capitals zone.
16:04 of 1st period - Wrist shot by Alex Ovechkin.
16:04 of 1st period - Shot Blocked by Alexis Lafreniere.
16:24 of 1st period - Slapshot by Adam Lowry.
16:24 of 1st period - Stopped by Jake Oettinger with a rebound.
16:30 of 1st period - Snap shot by Marco Rossi.
16:30 of 1st period - Stopped by Dustin Wolf without a rebound.
16:31 of 1st period - Lars Eller wins face-off versus Adam Lowry in Winnipeg Jets zone.
16:57 of 1st period - Nikita Zadorov is hit by Haydn Fleury and loses puck.
17:22 of 1st period - Stefan Noesen is hit by Sam Steel and loses puck.
17:42 of 1st period - Taylor Hall is hit by Lars Eller and loses puck.
18:03 of 1st period - Sean Durzi is hit by Tom Wilson and loses puck.
18:48 of 1st period - Sean Kuraly is hit by Sam Steel and loses puck.
18:59 of 1st period - Sean Kuraly is hit by Alexis Lafreniere.
19:08 of 1st period - Icing by Alexis Lafreniere.
19:09 of 1st period - Marco Rossi wins face-off versus Sam Steel in Winnipeg Jets zone.
19:22 of 1st period - Wrist shot by Stefan Noesen.
19:22 of 1st period - Shot Misses the Net.
19:36 of 1st period - Wrist shot by Tom Wilson.
19:36 of 1st period - Shot Blocked by Joel Armia.
19:52 of 1st period - Slapshot by Sean Kuraly.
19:52 of 1st period - Stopped by Dustin Wolf without a rebound.
19:53 of 1st period - Sam Steel wins face-off versus Lars Eller in Winnipeg Jets zone.
Goals for this period are 2 for Washington Capitals vs 1 for Winnipeg Jets.
Shots for this period are 11 for Washington Capitals vs 6 for Winnipeg Jets.
2nd period
0:01 of 2nd period - Shane Pinto wins face-off versus Adam Lowry in neutral zone.
0:12 of 2nd period - Slapshot by Tom Wilson.
0:12 of 2nd period - Goal by Tom Wilson - Washington Capitals : 3 - Winnipeg Jets : 1.
0:13 of 2nd period - Shane Pinto wins face-off versus Adam Lowry in neutral zone.
0:26 of 2nd period - Slapshot by Alex Ovechkin.
0:26 of 2nd period - Shot Misses the Net.
0:43 of 2nd period - 10 Minutes Misconduct Penalty to Michael Kesselring is over.
1:00 of 2nd period - Nikita Zadorov is hit by Haydn Fleury.
1:34 of 2nd period - Connor Bedard is hit by Drake Batherson and loses puck.
1:54 of 2nd period - Minor Penalty to Tyler Myers for Interference.
1:55 of 2nd period - Shane Pinto wins face-off versus Adam Lowry in Washington Capitals zone.
2:07 of 2nd period - Wrist shot by Shane Pinto.
2:07 of 2nd period - Shot Blocked by Jonas Brodin.
2:09 of 2nd period - Slapshot by Shane Pinto.
2:09 of 2nd period - Shot Misses the Net.
2:11 of 2nd period - Snap shot by Shane Pinto.
2:11 of 2nd period - Shot Blocked by Taylor Hall.
3:08 of 2nd period - Shane Pinto is hit by Alexander Kerfoot and loses puck.
3:23 of 2nd period - Nikita Zadorov is hit by Ridly Greig and loses puck.
3:54 of 2nd period - Penalty to Tyler Myers is over, Tyler Myers is back on ice.
4:40 of 2nd period - Slapshot by Stefan Noesen.
4:40 of 2nd period - Goal by Stefan Noesen - Washington Capitals : 4 - Winnipeg Jets : 1.
4:41 of 2nd period - Adam Lowry wins face-off versus Shane Pinto in neutral zone.
4:47 of 2nd period - Minor Penalty to Tom Wilson for Tripping.
4:48 of 2nd period - Adam Lowry wins face-off versus Shane Pinto in Washington Capitals zone.
4:50 of 2nd period - Wrist shot by Adam Lowry.
4:50 of 2nd period - Stopped by Jake Oettinger without a rebound.
4:51 of 2nd period - Adam Lowry wins face-off versus Shane Pinto in Washington Capitals zone.
5:02 of 2nd period - Snap shot by Taylor Hall.
5:02 of 2nd period - Shot Misses the Net.
5:04 of 2nd period - Slapshot by Nate Schmidt.
5:04 of 2nd period - Stopped by Jake Oettinger without a rebound.
5:05 of 2nd period - Shane Pinto wins face-off versus Jason Zucker in Washington Capitals zone.
5:10 of 2nd period - Slapshot by Jason Zucker.
5:10 of 2nd period - Goal by Jason Zucker - Washington Capitals : 4 - Winnipeg Jets : 2.
5:11 of 2nd period - Adam Lowry wins face-off versus Marco Rossi in neutral zone.
6:17 of 2nd period - Sam Steel is hit by Sean Kuraly and loses puck.
6:28 of 2nd period - Snap shot by Drake Batherson.
6:28 of 2nd period - Stopped by Dustin Wolf without a rebound.
6:29 of 2nd period - Adam Lowry wins face-off versus Marco Rossi in Winnipeg Jets zone.
7:52 of 2nd period - Sean Kuraly is hit by Matvei Michkov and loses puck.
8:33 of 2nd period - Snap shot by Tom Wilson.
8:33 of 2nd period - Stopped by Dustin Wolf with a rebound.
8:35 of 2nd period - Slapshot by Tom Wilson.
8:35 of 2nd period - Stopped by Dustin Wolf without a rebound.
8:36 of 2nd period - Tomas Hertl wins face-off versus Adam Lowry in Winnipeg Jets zone.
8:41 of 2nd period - Snap shot by Jason Robertson.
8:41 of 2nd period - Stopped by Dustin Wolf without a rebound.
8:42 of 2nd period - Tomas Hertl wins face-off versus Adam Lowry in Winnipeg Jets zone.
9:16 of 2nd period - Snap shot by Marco Rossi.
9:16 of 2nd period - Shot Misses the Net.
9:35 of 2nd period - Slapshot by Alexis Lafreniere.
9:35 of 2nd period - Shot Misses the Net.
9:37 of 2nd period - Wrist shot by Joel Armia.
9:37 of 2nd period - Deflect By Alexis Lafreniere.
9:37 of 2nd period - Shot Misses the Net.
9:37 of 2nd period - Puck is out of play.
9:38 of 2nd period - Adam Lowry wins face-off versus Tomas Hertl in Washington Capitals zone.
10:30 of 2nd period - Slapshot by Ridly Greig.
10:30 of 2nd period - Stopped by Jake Oettinger with a rebound.
10:32 of 2nd period - Snap shot by Nate Schmidt.
10:32 of 2nd period - Stopped by Jake Oettinger without a rebound.
10:33 of 2nd period - Tomas Hertl wins face-off versus Jason Zucker in Washington Capitals zone.
10:40 of 2nd period - Wrist shot by Tomas Hertl.
10:40 of 2nd period - Shot Misses the Net.
10:42 of 2nd period - Slapshot by Jamie Oleksiak.
10:42 of 2nd period - Stopped by Dustin Wolf without a rebound.
10:43 of 2nd period - Tomas Hertl wins face-off versus Adam Lowry in Winnipeg Jets zone.
10:55 of 2nd period - Minor Penalty to Nick Foligno for Tripping.
10:56 of 2nd period - Jason Zucker wins face-off versus Frederick Gaudreau in Washington Capitals zone.
12:55 of 2nd period - Penalty to Nick Foligno is over, Nick Foligno is back on ice.
13:24 of 2nd period - Stefan Noesen is hit by Matvei Michkov and loses puck.
13:33 of 2nd period - Snap shot by Nino Niederreiter.
13:33 of 2nd period - Stopped by Jake Oettinger with a rebound.
13:35 of 2nd period - Snap shot by Dylan Samberg.
13:35 of 2nd period - Stopped by Jake Oettinger without a rebound.
13:36 of 2nd period - Sam Steel wins face-off versus Nick Foligno in Washington Capitals zone.
14:00 of 2nd period - Icing by Nino Niederreiter.
14:01 of 2nd period - Shane Pinto wins face-off versus Vladislav Namestnikov in Winnipeg Jets zone.
14:18 of 2nd period - Wrist shot by Alex Ovechkin.
14:18 of 2nd period - Shot Misses the Net.
14:36 of 2nd period - Snap shot by Connor Bedard.
14:36 of 2nd period - Deflect By Jason Zucker.
14:36 of 2nd period - Stopped by Jake Oettinger with a rebound.
14:49 of 2nd period - Jason Zucker is hit by Tomas Hertl and loses puck.
15:06 of 2nd period - Snap shot by Connor Bedard.
15:06 of 2nd period - Goal by Connor Bedard - Washington Capitals : 4 - Winnipeg Jets : 3.
15:07 of 2nd period - Adam Lowry wins face-off versus Shane Pinto in neutral zone.
15:33 of 2nd period - Ian Cole is hit by Dylan Samberg.
15:37 of 2nd period - Wrist shot by Vladislav Namestnikov.
15:37 of 2nd period - Shot Misses the Net.
15:39 of 2nd period - Snap shot by Vladislav Namestnikov.
15:39 of 2nd period - Stopped by Jake Oettinger without a rebound.
15:40 of 2nd period - Marco Rossi wins face-off versus Jason Zucker in Washington Capitals zone.
15:45 of 2nd period - Wrist shot by Stefan Noesen.
15:45 of 2nd period - Shot Misses the Net.
16:37 of 2nd period - Taylor Hall is hit by Ian Cole and loses puck.
16:47 of 2nd period - Minor Penalty to Tom Wilson for Interference.
16:48 of 2nd period - Adam Lowry wins face-off versus Shane Pinto in Washington Capitals zone.
18:47 of 2nd period - Penalty to Tom Wilson is over, Tom Wilson is back on ice.
19:05 of 2nd period - Snap shot by Frederick Gaudreau.
19:05 of 2nd period - Stopped by Dustin Wolf with a rebound.
19:07 of 2nd period - Wrist shot by Frederick Gaudreau.
19:07 of 2nd period - Stopped by Dustin Wolf with a rebound.
19:21 of 2nd period - Sam Steel is hit by Drake Batherson and loses puck.
Goals for this period are 2 for Washington Capitals vs 2 for Winnipeg Jets.
Shots for this period are 9 for Washington Capitals vs 10 for Winnipeg Jets.
3rd period
0:01 of 3rd period - Shane Pinto wins face-off versus Adam Lowry in neutral zone.
0:04 of 3rd period - Wrist shot by Alex Ovechkin.
0:04 of 3rd period - Stopped by Dustin Wolf with a rebound.
0:25 of 3rd period - Ridly Greig is hit by Nick Foligno and loses puck.
0:52 of 3rd period - Slapshot by Dylan Samberg.
0:52 of 3rd period - Stopped by Jake Oettinger with a rebound.
0:58 of 3rd period - Wrist shot by Stefan Noesen.
0:58 of 3rd period - Stopped by Dustin Wolf without a rebound.
0:59 of 3rd period - Adam Lowry wins face-off versus Shane Pinto in Winnipeg Jets zone.
1:08 of 3rd period - Slapshot by Tyler Myers.
1:08 of 3rd period - Shot Misses the Net.
1:10 of 3rd period - Wrist shot by Tom Wilson.
1:10 of 3rd period - Stopped by Dustin Wolf with a rebound.
1:12 of 3rd period - Snap shot by Shane Pinto.
1:12 of 3rd period - Stopped by Dustin Wolf without a rebound.
1:13 of 3rd period - Marco Rossi wins face-off versus Jason Zucker in Winnipeg Jets zone.
1:18 of 3rd period - Snap shot by Marco Rossi.
1:18 of 3rd period - Stopped by Dustin Wolf with a rebound.
2:20 of 3rd period - Frederick Gaudreau is hit by Nate Schmidt and loses puck.
2:25 of 3rd period - Wrist shot by Sam Steel.
2:25 of 3rd period - Stopped by Jake Oettinger with a rebound.
2:27 of 3rd period - Snap shot by Nino Niederreiter.
2:27 of 3rd period - Stopped by Jake Oettinger with a rebound.
2:29 of 3rd period - Slapshot by Sam Steel.
2:29 of 3rd period - Shot Misses the Net.
2:31 of 3rd period - Slapshot by Nino Niederreiter.
2:31 of 3rd period - Stopped by Jake Oettinger with a rebound.
2:54 of 3rd period - Wrist shot by Drake Batherson.
2:54 of 3rd period - Shot Blocked by Michael Kesselring.
3:11 of 3rd period - Sean Durzi is hit by Jamie Oleksiak and loses puck.
3:27 of 3rd period - Snap shot by Jason Zucker.
3:27 of 3rd period - Shot Misses the Net.
3:29 of 3rd period - Snap shot by Connor Bedard.
3:29 of 3rd period - Stopped by Jake Oettinger without a rebound.
3:30 of 3rd period - Shane Pinto wins face-off versus Adam Lowry in Washington Capitals zone.
3:30 of 3rd period - Shane Pinto is hit by Dylan Samberg.
4:38 of 3rd period - Snap shot by Tomas Hertl.
4:38 of 3rd period - Shot Misses the Net.
4:40 of 3rd period - Slapshot by Nick Jensen.
4:40 of 3rd period - Stopped by Dustin Wolf with a rebound.
4:42 of 3rd period - Slapshot by Nick Jensen.
4:42 of 3rd period - Deflect By Jason Robertson.
4:42 of 3rd period - Shot Misses the Net.
4:42 of 3rd period - Puck is out of play.
4:43 of 3rd period - Adam Lowry wins face-off versus Marco Rossi in Winnipeg Jets zone.
4:43 of 3rd period - Alexander Kerfoot is hit by Stefan Noesen and loses puck.
5:08 of 3rd period - Icing by Marco Rossi.
5:09 of 3rd period - Marco Rossi wins face-off versus Vladislav Namestnikov in Washington Capitals zone.
5:22 of 3rd period - Wrist shot by Tom Wilson.
5:22 of 3rd period - Shot Blocked by Haydn Fleury.
5:24 of 3rd period - Snap shot by John Carlson.
5:24 of 3rd period - Shot Blocked by Nate Schmidt.
5:26 of 3rd period - Wrist shot by Shane Pinto.
5:26 of 3rd period - Stopped by Dustin Wolf with a rebound.
5:40 of 3rd period - Wrist shot by Jason Robertson.
5:40 of 3rd period - Shot Misses the Net.
5:42 of 3rd period - Snap shot by Tomas Hertl.
5:42 of 3rd period - Stopped by Dustin Wolf with a rebound.
5:46 of 3rd period - Wrist shot by Jason Robertson.
5:46 of 3rd period - Stopped by Dustin Wolf without a rebound.
5:47 of 3rd period - Adam Lowry wins face-off versus Marco Rossi in Winnipeg Jets zone.
5:47 of 3rd period - Adam Lowry is hit by Tyler Myers.
5:59 of 3rd period - Snap shot by Alexander Kerfoot.
5:59 of 3rd period - Shot Misses the Net.
6:34 of 3rd period - Wrist shot by Matvei Michkov.
6:34 of 3rd period - Shot Misses the Net.
6:36 of 3rd period - Backhand shot by Nino Niederreiter.
6:36 of 3rd period - Shot Misses the Net.
6:38 of 3rd period - Wrist shot by Sam Steel.
6:38 of 3rd period - Deflect By Matvei Michkov.
6:38 of 3rd period - Stopped by Jake Oettinger without a rebound.
6:39 of 3rd period - Marco Rossi wins face-off versus Sam Steel in Washington Capitals zone.
6:44 of 3rd period - Haydn Fleury is hit by Frederick Gaudreau and loses puck.
7:00 of 3rd period - Snap shot by Matvei Michkov.
7:00 of 3rd period - Stopped by Jake Oettinger with a rebound.
7:05 of 3rd period - Off-side.
7:06 of 3rd period - Adam Lowry wins face-off versus Shane Pinto in neutral zone.
8:31 of 3rd period - Wrist shot by Jason Robertson.
8:31 of 3rd period - Shot Misses the Net.
8:33 of 3rd period - Snap shot by Tomas Hertl.
8:33 of 3rd period - Shot Misses the Net.
8:43 of 3rd period - Slapshot by Tomas Hertl.
8:43 of 3rd period - Stopped by Dustin Wolf without a rebound.
8:44 of 3rd period - Marco Rossi wins face-off versus Adam Lowry in Winnipeg Jets zone.
8:51 of 3rd period - Wrist shot by Taylor Hall.
8:51 of 3rd period - Stopped by Jake Oettinger with a rebound.
8:59 of 3rd period - Slapshot by John Carlson.
8:59 of 3rd period - Stopped by Dustin Wolf without a rebound.
9:00 of 3rd period - Jason Zucker wins face-off versus Alex Ovechkin in Winnipeg Jets zone.
9:13 of 3rd period - Backhand shot by Tom Wilson.
9:13 of 3rd period - Stopped by Dustin Wolf with a rebound.
9:15 of 3rd period - Slapshot by Tom Wilson.
9:15 of 3rd period - Shot Misses the Net.
9:51 of 3rd period - Snap shot by Drake Batherson.
9:51 of 3rd period - Shot Misses the Net.
10:03 of 3rd period - Lars Eller is hit by Vladislav Namestnikov and loses puck.
10:22 of 3rd period - Snap shot by Matvei Michkov.
10:22 of 3rd period - Stopped by Jake Oettinger without a rebound.
10:23 of 3rd period - Adam Lowry wins face-off versus Shane Pinto in Washington Capitals zone.
10:38 of 3rd period - Slapshot by Adam Lowry.
10:38 of 3rd period - Stopped by Jake Oettinger without a rebound.
10:39 of 3rd period - Marco Rossi wins face-off versus Jason Zucker in Washington Capitals zone.
10:54 of 3rd period - Backhand shot by Stefan Noesen.
10:54 of 3rd period - Stopped by Dustin Wolf with a rebound.
11:04 of 3rd period - Alex Ovechkin is hit by Jonas Brodin and loses puck.
11:16 of 3rd period - Icing by Jamie Oleksiak.
11:17 of 3rd period - Vladislav Namestnikov wins face-off versus Shane Pinto in Washington Capitals zone.
11:18 of 3rd period - Snap shot by Alexis Lafreniere.
11:18 of 3rd period - Stopped by Jake Oettinger with a rebound.
11:29 of 3rd period - Off-side.
11:30 of 3rd period - Marco Rossi wins face-off versus Adam Lowry in neutral zone.
11:39 of 3rd period - Wrist shot by Marco Rossi.
11:39 of 3rd period - Deflect By Dylan Samberg.
11:39 of 3rd period - Shot Blocked by Jonas Brodin.
11:39 of 3rd period - Puck is out of play.
11:40 of 3rd period - Adam Lowry wins face-off versus Stefan Noesen in Winnipeg Jets zone.
12:25 of 3rd period - Snap shot by Marco Rossi.
12:25 of 3rd period - Stopped by Dustin Wolf with a rebound.
12:27 of 3rd period - Wrist shot by Frederick Gaudreau.
12:27 of 3rd period - Stopped by Dustin Wolf with a rebound.
12:29 of 3rd period - Slapshot by Marco Rossi.
12:29 of 3rd period - Shot Misses the Net.
12:31 of 3rd period - Slapshot by Tyler Myers.
12:31 of 3rd period - Stopped by Dustin Wolf with a rebound.
12:33 of 3rd period - Slapshot by Tyler Myers.
12:33 of 3rd period - Shot Blocked by Adam Lowry.
12:35 of 3rd period - Wrist shot by Stefan Noesen.
12:35 of 3rd period - Shot Misses the Net.
12:37 of 3rd period - Slapshot by Ian Cole.
12:37 of 3rd period - Deflect By Adam Lowry.
12:37 of 3rd period - Stopped by Dustin Wolf without a rebound.
12:38 of 3rd period - Jason Zucker wins face-off versus Tomas Hertl in Winnipeg Jets zone.
12:43 of 3rd period - Slapshot by Jason Zucker.
12:43 of 3rd period - Stopped by Jake Oettinger without a rebound.
12:44 of 3rd period - Connor Bedard wins face-off versus Tomas Hertl in Washington Capitals zone.
13:13 of 3rd period - Slapshot by Alex Ovechkin.
13:13 of 3rd period - Stopped by Dustin Wolf without a rebound.
13:14 of 3rd period - Shane Pinto wins face-off versus Vladislav Namestnikov in Winnipeg Jets zone.
13:23 of 3rd period - Slapshot by Vladislav Namestnikov.
13:23 of 3rd period - Shot Misses the Net.
13:25 of 3rd period - Snap shot by Joel Armia.
13:25 of 3rd period - Stopped by Jake Oettinger with a rebound.
13:51 of 3rd period - Snap shot by Alexis Lafreniere.
13:51 of 3rd period - Shot Blocked by Marco Rossi.
13:53 of 3rd period - Snap shot by Joel Armia.
13:53 of 3rd period - Shot Blocked by John Carlson.
13:55 of 3rd period - Wrist shot by Alexis Lafreniere.
13:55 of 3rd period - Shot Misses the Net.
14:02 of 3rd period - Minor Penalty to Stefan Noesen for Hooking.
14:03 of 3rd period - Frederick Gaudreau wins face-off versus Adam Lowry in Washington Capitals zone.
15:06 of 3rd period - Connor Bedard is hit by John Carlson and loses puck.
16:02 of 3rd period - Penalty to Stefan Noesen is over, Stefan Noesen is back on ice.
17:54 of 3rd period - Jason Zucker is hit by Tom Wilson.
18:04 of 3rd period - Sean Durzi is hit by Tyler Myers.
18:34 of 3rd period - Matvei Michkov is hit by Lars Eller and loses puck.
18:49 of 3rd period - Winnipeg Jets, Dustin Wolf is pulled from the net.
19:11 of 3rd period - Snap shot by Sam Steel.
19:11 of 3rd period - Stopped by Jake Oettinger without a rebound.
19:12 of 3rd period - Barry Trotz call a timeout for Winnipeg Jets.
19:12 of 3rd period - Shane Pinto wins face-off versus Sam Steel in Washington Capitals zone.
19:19 of 3rd period - Jamie Oleksiak is hit by Connor Bedard and loses puck.
19:40 of 3rd period - Ridly Greig is hit by Frederick Gaudreau and loses puck.
19:53 of 3rd period - Wrist shot by Connor Bedard.
19:53 of 3rd period - Shot Misses the Net.
19:55 of 3rd period - Snap shot by Jonas Brodin.
19:55 of 3rd period - Stopped by Jake Oettinger with a rebound.
19:57 of 3rd period - Snap shot by Jonas Brodin.
19:57 of 3rd period - Shot Misses the Net.
Goals for this period are 0 for Washington Capitals vs 0 for Winnipeg Jets.
Shots for this period are 18 for Washington Capitals vs 15 for Winnipeg Jets.
Back to the Top